 Dungeon Crawl Stone Soup version 0.26-a0-154-g3d63440f56 (console) character file.

Game seed: 13350366853768433708

95 bli the Skirmisher (level 4, 0/37 HPs)
             Began as a Formicid Abyssal Knight on June 30, 2020.
             Was a Follower of Lugonu.
             Slain by an orc wizard
             ... wielding a +0 dagger
              (3 damage)
             ... on level 2 of the Dungeon.
             The game lasted 00:05:09 (2191 turns).

bli the Skirmisher (Formicid Abyssal Knight)        Turns: 2191, Time: 00:05:09

Health: 0/37       AC:  6    Str: 16    XL:     4   Next: 95%
Magic:  5/5        EV: 11    Int: 12    God:    Lugonu [*.....]
Gold:   69         SH:  0    Dex: 11    Spells: 3/3 levels left

rFire    . . .     SeeInvis +   a - +1 hand axe
rCold    + . .     Faith    .   (no shield)
rNeg     . . .     Spirit   .   b - +0 leather armour
rPois    .         Reflect  .   (helmet unavailable)
rElec    .         Harm     .   (no cloak)
rCorr    .                      o - +2 pair of gloves
MR       .....                  (no boots)
Stlth    +.........             (no amulet)
HPRegen  0.12/turn              d - ring of protection from cold
MPRegen  0.09/turn              (no ring)

@: confused
A: permanent stasis, dig shafts and tunnels, four strong arms, antennae 3
a: Dig, Shaft Self, Depart the Abyss, Renounce Religion


You were on level 2 of the Dungeon.
You worshipped Lugonu.
Lugonu was aware of your devotion.
You were not hungry.

You visited 1 branch of the dungeon, and saw 2 of its levels.
You visited the Abyss 1 time.

You collected 69 gold pieces.

Inventory:

Hand Weapons
 a - a +1 hand axe (weapon)
Missiles
 j - 14 poisoned darts (quivered)
 m - 40 stones
Armour
 b - a +0 leather armour (worn)
 h - a +0 ring mail
 o - a +2 pair of gloves (worn)
 p - a +0 chain mail
Jewellery
 d - a ring of protection from cold (left hand)
Scrolls
 e - a scroll of fog {unknown}
 f - a scroll of enchant armour {unknown}
 g - a scroll of identify {unknown}
 k - 4 scrolls of teleportation {unknown}
Potions
 i - 2 potions of brilliance {unknown}
 n - a potion of curing {unknown}
Comestibles
 c - 4 rations
 l - 5 chunks of flesh


   Skills:
 + Level 4.0 Fighting
 + Level 3.2 Axes
 + Level 2.6 Armour
 + Level 1.3 Dodging
 * Level 2.0 Stealth
 - Level 2.1 Invocations


You had 3 spell levels left.
You didn't know any spells.
Your spell library was empty.

Dungeon Overview and Level Annotations

Branches:
Dungeon (2/15)

Altars:
Wu Jian


Innate Abilities, Weirdness & Mutations

You cannot be hasted, slowed, berserked, paralysed or teleported.
You can dig through walls and to a lower floor.
Your four strong arms can wield two-handed weapons with a shield.
You have a pair of large antennae on your head. (SInv)


Message History

You closely miss the orc wizard.
The orc wizard is moderately wounded.
The orc wizard hits you with a +0 dagger.
* * * LOW HITPOINT WARNING * * *
You hit the orc wizard.
The orc wizard is heavily wounded.
The orc wizard hits you but does no damage.
You hit the orc wizard.
The orc wizard is severely wounded.
The orc wizard hits you but does no damage.
You closely miss the orc wizard.
The orc wizard is severely wounded.
The orc wizard hits you but does no damage.
You closely miss the orc wizard.
The orc wizard is severely wounded.
The orc wizard points at you and mumbles some strange words.
You are confused.
You bump into the rock wall.
The orc wizard hits you with a +0 dagger.
You die...

##...##
##.....##
##.......##
#.........#
+.........+
#.........#
#.......#
#...o@#
##..)## ##'##
#.# #.# ###
##.##...
##...#.#
#......#
#######...#.#
............#
########.####


You could see an orc wizard (invisible).

Vanquished Creatures
  A hound (D:2)
  Natasha (D:2)
  2 dart slugs (D:1)
  A leopard gecko (D:1)
  2 orcs (D:2)
  5 bats
  3 giant cockroaches (D:1)
  A goblin (D:1)
  6 hobgoblins
  2 jackals (D:1)
  4 kobolds (D:1)
  A ball python (D:1)
  A frilled lizard (D:1)
  4 rats
34 creatures vanquished.

Notes
Turn   | Place    | Note
-------+----------+-------------------------------------------
     0 | Abyss:1  | bli the Formicid Abyssal Knight began the quest for the
                  | Orb.
     0 | Abyss:1  | Reached XP level 1. HP: 18/18 MP: 2/2
    36 | Abyss:1  | Found a corrupted altar of Lugonu.
    67 | Abyss:1  | Noticed a hell hound
    76 | D:1      | Escaped the Abyss
   600 | D:1      | Reached XP level 2. HP: 21/24 MP: 3/3
   627 | D:1      | Reached skill level 1 in Stealth
   634 | D:1      | Reached * piety under Lugonu
   640 | D:1      | Reached skill level 1 in Dodging
   934 | D:1      | Reached XP level 3. HP: 22/30 MP: 4/4
  1665 | D:2      | Noticed Natasha
  1676 | D:2      | Killed Natasha
  1676 | D:2      | Reached skill level 4 in Fighting
  1676 | D:2      | Reached XP level 4. HP: 15/37 MP: 5/5
  1922 | D:2      | Found an ornate altar of the Wu Jian Council.
  2191 | D:2      | Slain by an orc wizard

Illustrated notes

Levels and vault maps discovered:
D:1:      dpeg_arrival_another_circle, layout_basic, serial_bayou_pond_a
D:2:      layout_loops_corners, old_standard_altar, minmay_misc_feat_pillars,
          uniq_natasha

Skill      XL: |  1  2  3  4 |
---------------+-------------+-----
Stealth        | 1 2 |  2.0
Dodging        | 1 |  1.3
Fighting       | 4 |  4.0
Axes           | 3 |  3.2
Armour         | |  2.6
Invocations    | |  2.1

Action                   |  1- 3 |  4- 6 || total
-------------------------+-------+-------++-------
Melee: Hand axe          |    87 |    26 ||   113
Invok: Depart the Abyss  |     1 |       ||     1
 Abil: Dig               |     3 |       ||     3
  Eat: Chunk             |     2 |     2 ||     4
Armor: Leather armour    |    21 |     9 ||    30
Dodge: Dodged            |    54 |    17 ||    71

Table legend:
 A = Non-vault XP
 B = Vault XP
 C = Vault XP percentage of total XP
 D = Non-vault monster count
 E = Vault monster count
 F = Vault count percentage of total count
                 A         B        C        D         E       F
            +---------+---------+-------+---------+---------+-------
      Total |     100 |      36 |  26.5 |      33 |       1 |   2.9
            +---------+---------+-------+---------+---------+-------
        D:1 |      47 |       0 |   0.0 |      26 |       0 |   0.0
        D:2 |      53 |      36 |  40.4 |       7 |       1 |  12.5
            +---------+---------+-------+---------+---------+-------
